 Dungeon Crawl Stone Soup version 0.32-a0-132-g2d33c3cfaf (webtiles) character file.

Game seed: 8602367550142347947

396 Cecillian the Vexing (level 6, -12/47 HPs)
             Began as a Gnoll Hexslinger on Feb 10, 2024.
             Killed from afar by a steam dragon (27 damage)
             ... with a ball of steam
             ... on level 4 of the Dungeon.
             The game lasted 00:05:29 (2273 turns).

Cecillian the Vexing (Gnoll Hexslinger)             Turns: 2273, Time: 00:05:30

Health: -12/47     AC:  5    Str:  7    XL:     6   Next: 83%
Magic:  9/11       EV: 17    Int: 13    God:
Gold:   147        SH:  0    Dex: 22    Spells: 10/12 levels left

rFire   . . .        a - +2 sling
rCold   . . .        (no shield)
rNeg    . . .        r - +0 ring mail
rPois   .            (no helmet)
rElec   .            (no cloak)
rCorr   .            (no gloves)
SInv    .            (no boots)
Will    .....        (no amulet)
Stlth   ++           j - +5 ring of evasion
HPRegen 0.27/turn    q - +6 ring of dexterity
MPRegen 0.12/turn

%: no passive effects
@: weak-willed, jinxed
A: fangs 1, strong nose, distributed training
a: no special abilities


You were on level 4 of the Dungeon.
You visited 1 branch of the dungeon, and saw 4 of its levels.

You collected 147 gold pieces.

Inventory:

Hand Weapons
 a - a +2 sling (weapon)
 e - a +0 short sword
Missiles
 i - 5 poisoned darts
Armour
 o - a +0 chain mail
 r - a +0 ring mail (worn)
Jewellery
 j - a +5 ring of evasion (left hand)
 p - a ring of poison resistance
 q - a +6 ring of dexterity (right hand)
Wands
 d - a wand of charming (3)
Scrolls
 b - a scroll of poison
 f - 2 scrolls of fear {unknown}
 g - 2 scrolls of enchant weapon
 k - a scroll of identify {unknown}
 l - a scroll of immolation {unknown}
 m - 2 scrolls of teleportation {unknown}
Potions
 h - 2 potions of heal wounds {unknown}
 n - 2 potions of curing


   Skills:
 + Level 3.4 Fighting
 + Level 2.2 Short Blades
 + Level 2.2 Long Blades
 + Level 2.2 Axes
 + Level 2.2 Maces & Flails
 + Level 2.2 Polearms
 + Level 2.2 Staves
 + Level 5.1 Ranged Weapons
 + Level 2.2 Throwing
 + Level 2.2 Armour
 + Level 5.1 Dodging
 + Level 2.2 Stealth
 + Level 2.2 Shields
 + Level 2.2 Unarmed Combat
 + Level 3.6 Spellcasting
 + Level 1.8 Conjurations
 + Level 5.7 Hexes
 + Level 1.8 Summonings
 + Level 1.8 Necromancy
 + Level 1.8 Translocations
 + Level 2.8 Fire Magic
 + Level 1.8 Ice Magic
 + Level 1.8 Air Magic
 + Level 1.8 Earth Magic
 + Level 1.8 Alchemy
 + Level 2.4 Invocations
 + Level 2.2 Evocations
 + Level 2.0 Shapeshifting


You had 10 spell levels left.
You knew the following spells:

 Your Spells              Type           Power      Damage    Failure   Level
a - Jinxbite              Hex            34%        N/A       10%         2

Your spell library contained the following spells:

 Spells                   Type           Power      Damage    Failure   Level
 Sigil of Binding         Hex            17%        N/A       21%         3
 Magic Dart               Conj           28%        1d4       34%         1
 Inner Flame              Hex/Fire       13%        N/A       36%         3
 Blink                    Tloc           14%        N/A       45%         2
 Call Imp                 Summ           14%        N/A       45%         2
 Lesser Beckoning         Tloc           14%        N/A       45%         2
 Cause Fear               Hex            8%         N/A       54%         4
 Gell's Gravitas          Tloc           7%         N/A       71%         3
 Teleport Other           Tloc           7%         N/A       71%         3
 Dimensional Bullseye     Hex/Tloc       6%         N/A       83%         4
 Leda's Liquefaction      Alch/Erth      3%         N/A       98%         4
 Lee's Rapid Deconstruct  Erth           3%         3d5*      100%        5
 Bombard                  Conj/Erth      3%         9d1       100%        6
 Chain Lightning          Conj/Air       3%         3d4       100%        9
 Fire Storm               Conj/Fire      4%         8d1       100%        9
 Shatter                  Erth           3%         3d7*      100%        9


Dungeon Overview and Level Annotations

Branches:
Dungeon (4/15)
 Temple: D:4-7

Altars:
Gozag


Innate Abilities, Weirdness & Mutations

You have very sharp teeth.
Your uncanny sense of smell can sniff out nearby items.
Your experience applies equally to all skills.


Message History

You destroy Menkaure!
Your Shapeshifting skill increases to level 2!
Unknown command.
Okay, then.
Unknown command.
The jinxing sprites lose interest in you.
The sprites lose interest in your situation.
HP restored.
Found a leather armour.
There is an open door here.
No target in view!
You feel your willpower return.
There is an open door here.
There is an open door here.
You see here a black bear corpse.
You open the door.
A steam dragon comes into view.
You shoot a sling bullet. The sling bullet hits the steam dragon.
The steam dragon hisses angrily.
The steam dragon is lightly wounded.
You shoot a sling bullet.
The sling bullet barely misses the steam dragon.
The steam dragon bites you. The steam dragon completely misses you.
Casting: Jinxbite (safe; 10% risk of failure)
Confirm with . or Enter, or press ? or * to list all spells.
You beckon some vexing sprites to accompany your attacks.
You feel your willpower being sapped. The steam dragon breathes steam at you.
The ball of steam hits you!
You shoot a sling bullet. The sling bullet hits the steam dragon.
The steam dragon is lightly wounded.
You are engulfed in a cloud of scalding steam.
* * * LOW HITPOINT WARNING * * *
The steam dragon breathes steam at you. The ball of steam misses you.
Unknown command.
The steam dragon breathes steam at you. The ball of steam hits you!!
Ouch! That really hurt!
You die...

##....##.....###
#......#.......#
#......#.......#
##.... #.......#
#... ##.......#
#....#§§..§§..#
#....§D§§.§...#
#....##§...####
#... #@..§# #..
#........ #.
......... #.
.......... #
...........
..##....#### ...
###+## ...


You could see a steam dragon (catching breath).

Vanquished Creatures
  Menkaure (D:4)
  A black bear (D:4)
  Terence (D:3)
  5 adders
  4 gnolls
  3 dart slugs
  2 ribbon worms
  An orc (D:2)
  4 ball pythons
  3 endoplasms
  5 giant cockroaches
  11 goblins
  9 hobgoblins
  A quokka (D:1)
  5 bats
  4 frilled lizards
  7 kobolds
  3 rats
70 creatures vanquished.

Notes
Turn   | Place    | Note
-------+----------+-------------------------------------------
     0 | D:1      | Cecillian the Gnoll Hexslinger began the quest for the Orb.
     0 | D:1      | Reached XP level 1. HP: 17/17 MP: 4/4
    85 | D:1      | Reached XP level 2. HP: 23/23 MP: 5/5
   325 | D:1      | Reached XP level 3. HP: 28/28 MP: 7/7
   414 | D:1      | Learned a level 2 spell: Jinxbite
   726 | D:1      | Reached skill level 1 in Invocations
   831 | D:2      | Reached skill level 1 in Short Blades
   831 | D:2      | Reached skill level 1 in Long Blades
   831 | D:2      | Reached skill level 1 in Axes
   831 | D:2      | Reached skill level 1 in Maces & Flails
   831 | D:2      | Reached skill level 1 in Polearms
   831 | D:2      | Reached skill level 1 in Staves
   831 | D:2      | Reached skill level 1 in Throwing
   831 | D:2      | Reached skill level 1 in Armour
   831 | D:2      | Reached skill level 1 in Stealth
   831 | D:2      | Reached skill level 1 in Shields
   831 | D:2      | Reached skill level 1 in Unarmed Combat
   831 | D:2      | Reached skill level 1 in Evocations
   964 | D:2      | Reached skill level 1 in Shapeshifting
   964 | D:2      | Reached XP level 4. HP: 34/34 MP: 8/8
  1003 | D:2      | Reached skill level 1 in Conjurations
  1003 | D:2      | Reached skill level 1 in Summonings
  1003 | D:2      | Reached skill level 1 in Necromancy
  1003 | D:2      | Reached skill level 1 in Translocations
  1003 | D:2      | Reached skill level 1 in Ice Magic
  1003 | D:2      | Reached skill level 1 in Air Magic
  1003 | D:2      | Reached skill level 1 in Earth Magic
  1003 | D:2      | Reached skill level 1 in Alchemy
  1268 | D:2      | Reached XP level 5. HP: 40/40 MP: 9/9
  1415 | D:3      | Noticed Terence
  1425 | D:3      | Killed Terence
  2031 | D:3      | Found a faded altar of an unknown god.
  2034 | D:3      | Found an opulent altar of Gozag.
  2120 | D:4      | Noticed a black bear
  2126 | D:4      | Killed a black bear
  2127 | D:4      | Reached skill level 5 in Ranged Weapons
  2127 | D:4      | Reached skill level 5 in Dodging
  2127 | D:4      | Reached XP level 6. HP: 47/47 MP: 7/11
  2197 | D:4      | Noticed Menkaure
  2204 | D:4      | Killed Menkaure
  2267 | D:4      | Noticed a steam dragon
  2273 | D:4      | Killed from afar by a steam dragon

Illustrated notes

Levels and vault maps discovered:
D:1:      dpeg_arrival_windows_large_door, layout_loops_ring
D:2:      layout_rooms
D:3:      layout_loops_cross, nicolae_overflow_ecumenical_swirl,
          kennysheep_generic_room_13, uniq_terence
D:4:      layout_gridville, general_overflow_altar, minmay_statues_item,
          uniq_menkaure

Skill      XL: |  1  2  3  4  5  6 |
---------------+-------------------+-----
Fire Magic     | 2 |  2.8
Invocations    | 1 2 |  2.4
Short Blades   | 1 2 |  2.2
Long Blades    | 1 2 |  2.2
Axes           | 1 2 |  2.2
Maces & Flails | 1 2 |  2.2
Polearms       | 1 2 |  2.2
Staves         | 1 2 |  2.2
Throwing       | 1 2 |  2.2
Armour         | 1 2 |  2.2
Stealth        | 1 2 |  2.2
Shields        | 1 2 |  2.2
Unarmed Combat | 1 2 |  2.2
Evocations     | 1 2 |  2.2
Shapeshifting  | 1 2 |  2.0
Spellcasting   | 3 |  3.6
Conjurations   | 1 |  1.8
Summonings     | 1 |  1.8
Necromancy     | 1 |  1.8
Translocations | 1 |  1.8
Ice Magic      | 1 |  1.8
Air Magic      | 1 |  1.8
Earth Magic    | 1 |  1.8
Alchemy        | 1 |  1.8
Fighting       | 3 |  3.4
Ranged Weapons | 5 |  5.1
Dodging        | 5 |  5.1
Hexes          | |  5.7

Action                     |  1- 3 |  4- 6 || total
---------------------------+-------+-------++-------
   Fire: Sling             |    88 |   102 ||   190
   Cast: Jinxbite          |     1 |     5 ||     6
    Use: Potion            |     2 |       ||     2
         Scroll            |     1 |       ||     1
 Armour: Robe              |    17 |     8 ||    25
         Ring mail         |       |     6 ||     6
  Dodge: Dodged            |    22 |    30 ||    52

Table legend: (Time is in decaauts)
 A = Elapsed time spent in this place.
 B = Non-inter-level travel time spent in this place.
 C = Inter-level travel time spent in this place.
 D = Time resting spent in this place.
 E = Time spent auto-exploring this place.
 F = Levels seen in this place.
 G = Mean time per level.
                   A        B        C        D        E       F      G
               +--------+--------+--------+--------+--------+-----+--------+
         Total |   2308 |   2190 |    118 |     87 |   1686 |   4 |  577.0 |
       Dungeon |   2308 |   2190 |    118 |     87 |   1686 |   4 |  577.0 |
               +--------+--------+--------+--------+--------+-----+--------+

Top non-repeatable levels by time:
     D:1: 834 daAuts
     D:3: 745 daAuts
     D:2: 559 daAuts
     D:4: 169 daAuts
